AoeStats
← le avispe

Scandinavia

510824930Analyzed
1v1 RM · 18h ago on Oct 2, 2026· 32m 4s· 2 players
Game mode
Random Map
Map size
Tiny (2 player)
Population
200
Speed
Normal
Resources
Standard
Victory
Conquest
Starting age
Dark Age
Ending age
Imperial Age
RankedLock teamsTeams togetherTeam positionsShared explorationLock speedFull tech treeHidden civsTurbo modeCheats
Victory
Defeat
🇦🇷 Berbers · Argentina
1282
+17
🇪🇸 Turks · Spain
1311
-17
le avispe
11:12 Feudal Age
11:22 Man-at-Arms
11:51 Double-Bit Axe
11:57 Loom
12:51 Arson
13:56 Horse Collar
21:16 Castle Age
19:38 Gold Mining
22:35 Heavy Plow
22:48 Bow Saw
23:21 Bloodlines
26:34 Gold Shaft Mining
26:31 Husbandry
27:01 Town Watch
27:55 Scale Barding Armor
28:28 Forging
30:05 Fishing Lines
31:06 Wheelbarrow
mikel.carcedo.95
6:51 Loom
11:05 Feudal Age
16:12 Castle Age
26:31 Horse Collar
26:51 Town Watch
27:25 Double-Bit Axe
29:48 Medium Warships
30:57 Wheelbarrow
32:35 Wheelbarrow
Connection lost

Rejoining the realm…

Still unreachable

The connection could not be restored.

Session expired

The server has moved on; the page needs a fresh start.